 Dungeon Crawl Stone Soup version 0.29.0-11-gd7f09526c8 (webtiles) character file.

Game seed: 5906179707411449573

15 Arum the Shield-Bearer (level 2, -4/24 HPs)
             Began as a Formicid Fighter on Sept 6, 2022.
             Slain by a black bear (10 damage)
             ... on level 2 of the Dungeon.
             The game lasted 00:01:35 (915 turns).

Arum the Shield-Bearer (Formicid Fighter)            Turns: 915, Time: 00:01:35

Health: -4/24      AC:  6    Str: 20    XL:     2   Next: 65%
Magic:  2/2        EV:  9    Int:  7    God:
Gold:   27         SH:  6    Dex: 19    Spells: 1/1 levels left

rFire   . . .      SeeInvis +   a - +0 war axe
rCold   . . .      Faith    .   c - +0 buckler
rNeg    . . .      Spirit   .   b - +0 scale mail
rPois   .          Reflect  .   (helmet unavailable)
rElec   .          Harm     .   (no cloak)
rCorr   .          Rampage  .   (no gloves)
Will    .....                   (no boots)
Stlth   ..........              (no amulet)
HPRegen 0.08/turn               i - +6 ring of dexterity
MPRegen 0.08/turn               (no ring)

@: mighty
A: permanent stasis, dig shafts and tunnels, antennae 3, four strong arms
a: Dig, Shaft Self


You were on level 2 of the Dungeon.
You visited 1 branch of the dungeon, and saw 2 of its levels.

You collected 27 gold pieces.

Inventory:

Hand Weapons
 a - a +0 war axe (weapon)
Armour
 b - a +0 scale mail (worn)
 c - a +0 buckler (worn)
Jewellery
 i - a +6 ring of dexterity (left hand)
 l - a ring of ice
Scrolls
 e - 2 scrolls of enchant armour {unknown}
 g - a scroll of brand weapon {unknown}
 j - a scroll of enchant weapon {unknown}
Potions
 f - a potion of flight {unknown}
 h - a potion of magic {unknown}
 k - a potion of attraction {unknown}


   Skills:
 + Level 3.6 Fighting
 + Level 2.3 Axes
 + Level 3.6 Armour
 - Level 4.0 Shields


You had one spell level left.
You didn't know any spells.
Your spell library was empty.

Dungeon Overview and Level Annotations

Branches:
Dungeon (2/15)

Altars:
Nemelex Xobeh


Innate Abilities, Weirdness & Mutations

You cannot be hasted, slowed, berserked, paralysed or teleported.
You can dig through walls and to a lower floor.
You have a pair of large antennae on your head. (SInv)
Your four strong arms can wield two-handed weapons with a shield.


Message History

Really renounce your faith, foregoing its fabulous benefits?
Are you sure?
You have lost your religion!
Nemelex Xobeh does not appreciate desertion!
Your access to Nemelex Xobeh's decks is revoked.
You now have 27 gold pieces (gained 14).
e - 2 scrolls labelled RYCAL IFUROOPU (gained 1)
A black bear comes into view.
The black bear growls angrily.
A black bear is nearby!
You feel very mighty all of a sudden.
You barely miss the black bear.
The black bear bites you but does no damage.
The black bear closely misses you. The black bear claws you.
You barely miss the black bear. The black bear bites you!
You block the black bear's attack. The black bear closely misses you.
You block the black bear's attack. The black bear claws you.
The black bear barely misses you.
You hit the black bear.
The black bear is lightly wounded.
You block the black bear's attack.
The black bear claws you but does no damage. x2
You barely miss the black bear.
The black bear is lightly wounded.
The black bear bites you.
The black bear claws you but does no damage. x2
You are too injured to fight recklessly!
You are too injured to fight recklessly!
You are too injured to fight recklessly!
You slash the black bear!
The black bear is almost dead.
The black bear bites you.
* * * LOW HITPOINT WARNING * * *
The black bear claws you but does no damage. x2
The black bear goes berserk!
You hit the black bear.
The black bear is almost dead.
The black bear misses you. You block the black bear's attack.
The black bear closely misses you. The black bear bites you!
You die...

#### ##.## ....
....# #### ....#
##+#... #...#
#....## #...#
....#....#
###...#......#....#
+..h..# .....#....#
#@..# .....#....##
#...# .....#......
#...# #..# ##'####
#...###..####.....
#.................
##.####..####.####
### #...........
#######.#####.####
#.............#


You could see a black bear (berserk).

Vanquished Creatures
  A worm (D:2)
  An endoplasm (D:1)
  2 giant cockroaches (D:1)
  2 hobgoblins (D:1)
  A kobold (D:1)
  A ball python (D:1)
  A bat (D:1)
  2 frilled lizards (D:1)
  A rat (D:1)
12 creatures vanquished.

Notes
Turn   | Place    | Note
-------+----------+-------------------------------------------
     0 | D:1      | Arum the Formicid Fighter began the quest for the Orb.
     0 | D:1      | Reached XP level 1. HP: 18/18 MP: 1/1
   104 | D:1      | Found a faded altar of an unknown god.
   112 | D:1      | Prayed at the altar of an unknown god.
   112 | D:1      | Became a worshipper of Nemelex Xobeh the Trickster
   112 | D:1      | Reached * piety under Nemelex Xobeh
   112 | D:1      | Received a gift from Nemelex Xobeh
   126 | D:1      | Reached XP level 2. HP: 24/24 MP: 2/2
   854 | D:2      | Fell from the grace of Nemelex Xobeh
   905 | D:2      | Noticed a black bear
   915 | D:2      | Slain by a black bear

Illustrated notes

Levels and vault maps discovered:
D:1:      enne_arrival_octagon_isle, layout_rooms,
          shapermc_ecumenical_altar_venn
D:2:      layout_basic

Action                   || total
-------------------------++-------
Melee: War axe           ||    41
Invok: Draw Destruction  ||     2
       Draw Summoning    ||     1
       Renounce Religion ||     1
  Use: Potion            ||     1
Armor: Scale mail        ||    24
Dodge: Dodged            ||    18
Block: Buckler           ||    22
